 Dungeon Crawl Stone Soup version 0.30-a0-715-gdb4ae3ece1 (webtiles) character file.

Game seed: 6484072179694952332

480 hikkokomori the Digger (level 7, -2/43 HPs)
             Began as a Gargoyle Earth Elementalist on Jan 25, 2023.
             Slain by a gnoll
             ... wielding a +0 flail
              (5 damage)
             ... on level 4 of the Dungeon.
             The game lasted 00:03:59 (2577 turns).

hikkokomori the Digger (GrEE)                       Turns: 2577, Time: 00:03:59

Health: -2/43      AC:  8    Str: 14    XL:     7   Next: 11%
Magic:  13/13      EV:  9    Int: 15    God:
Gold:   151        SH:  0    Dex: 10    Spells: 13/14 levels left

rFire   + . .      SeeInvis .    t - +4 quarterstaff (chaos)
rCold   . . .      Faith    .    (shield currently unavailable)
rNeg    + . .      Spirit   .    a - +0 robe
rPois   ∞          Reflect  .    k - +0 helmet
rElec   +          Harm     .    u - +0 cloak
rCorr   .          Rampage  .    (no gloves)
Will    .....                    (no boots)
Stlth   ++                       c - amulet of regeneration
HPRegen 1.07/turn                m - ring of protection from fire
MPRegen 0.13/turn                (no ring)

@: constricted
A: sickness immunity, AC +4, negative energy resistance 1, electricity
resistance, torment resistance 1, petrification resistance
a: no special abilities


You were on level 4 of the Dungeon.
You visited 1 branch of the dungeon, and saw 4 of its levels.

You collected 151 gold pieces.

Inventory:

Hand Weapons
 f - a +0 mace
 t - a +4 quarterstaff of chaos (weapon)
Missiles
 p - a throwing net
Armour
 a - a +0 robe (worn)
 k - a +0 helmet (worn)
 u - a +0 cloak (worn)
Jewellery
 c - an amulet of regeneration (around neck)
 m - a ring of protection from fire (left hand)
 o - an amulet of faith
Wands
 s - a wand of digging (8)
Scrolls
 d - a scroll of fog {unknown}
 e - 3 scrolls of identify {unknown}
 g - a scroll of immolation {unknown}
 i - 3 scrolls of teleportation {unknown}
 j - a scroll of fear {unknown}
 n - a scroll of summoning {unknown}
 r - a scroll of amnesia {unknown}
Potions
 b - 2 potions of magic
 h - a potion of mutation {unknown}
 l - 2 potions of ambrosia {unknown}
 q - a potion of flight {unknown}


   Skills:
 + Level 4.1 Fighting
 - Level 1.6 Dodging
 - Level 2.3 Stealth
 + Level 4.2 Spellcasting
 - Level 0.9 Transmutations
 + Level 6.1 Earth Magic


You had 13 spell levels left.
You knew the following spells:

 Your Spells              Type           Power      Damage    Failure   Level
a - Sandblast             Erth           42%        2d11      1%          1

Your spell library contained the following spells:

 Spells                   Type           Power      Damage    Failure   Level
 Passwall                 Tmut/Erth      10%        N/A       6%          2
 Stone Arrow              Conj/Erth      24%        3d8       16%         3
 Petrify                  Tmut/Erth      13%        N/A       38%         4


Dungeon Overview and Level Annotations

Branches:
Dungeon (4/15)
 Temple: D:4-7

Altars:

Shops:
D:1 *


Innate Abilities, Weirdness & Mutations

You are immune to sickness and miasma.
Your stone body is resilient. (AC +4)
You are immune to poison.
You resist negative energy. (rN+)
You are resistant to electric shocks. (rElec)
You are resistant to unholy torment.
You are immune to petrification.


Message History

You are too injured to fight recklessly!
You are too injured to fight recklessly!
You are too injured to fight recklessly!
You are too injured to fight recklessly!
You are too injured to fight recklessly!
You are too injured to fight recklessly!
You are too injured to fight recklessly!
You are too injured to fight recklessly!
You are too injured to fight recklessly!
You are too injured to fight recklessly!
You are too injured to fight recklessly!
Okay, then.
The gnoll shouts!
You sock the scorpion!
You kill the scorpion!
The ball python bites you but does no damage.
The ball python constricts you. The gnoll hits you with a +0 halberd!
* * * LOW HITPOINT WARNING * * *
You have reached level 7!
You feel better. The ball python bites you.
* * * LOW HITPOINT WARNING * * *
The ball python constricts you.
* * * LOW HITPOINT WARNING * * *
The gnoll barely misses you.
The ball python bites you but does no damage.
The ball python constricts you.
The ball python's grasp on you weakens, but your attempt to escape fails.
The gnoll misses you. x2; The ball python bites you.
* * * LOW HITPOINT WARNING * * *
The ball python constricts you.
Unknown command.
You thump the gnoll! You drain the gnoll.
The gnoll is almost dead.
The gnoll hits you with a +0 flail.
* * * LOW HITPOINT WARNING * * *
The gnoll barely misses you.
The ball python bites you but does no damage.
The ball python constricts you. The gnoll closely misses you.
The gnoll hits you with a +0 flail.
You die...

##### ... .. ##..#
... ..># ####.##..#
........####
$.............####.
?....#.....#g......
........#.†@gg.....
..... #....#S......
.....##.#†.##.##.#.
..!........##.#
#### ##...$......#
...# ####.#######
##.# #.# ##.# ###
#.# ##.###.#####.#


You could see 3 gnolls and a ball python.

Vanquished Creatures
  Sigmund (D:2)
  A scorpion (D:4)
  An orc priest (D:3)
  Crazy Yiuf (D:3)
  Terence (D:2)
  An orc wizard (D:3)
  Natasha (D:2)
  Robin (D:3)
  5 adders
  A worm (D:2)
  A dart slug (D:3)
  2 orcs (D:3)
  5 ball pythons
  3 bats
  7 endoplasms
  A giant cockroach (D:1)
  11 goblins
  7 hobgoblins
  2 kobolds (D:2)
  5 quokkas
  4 frilled lizards
  6 rats
68 creatures vanquished.

Notes
Turn   | Place    | Note
-------+----------+-------------------------------------------
     0 | D:1      | hikkokomori the Gargoyle Earth Elementalist began the quest
                  | for the Orb.
     0 | D:1      | Reached XP level 1. HP: 10/10 MP: 3/3
   180 | D:1      | Found Cibetrus's Assorted Antiques.
   185 | D:1      | Reached XP level 2. HP: 15/15 MP: 1/5
   574 | D:2      | Noticed Sigmund
   592 | D:2      | Killed Sigmund
   593 | D:2      | Reached skill level 5 in Earth Magic
   593 | D:2      | Reached XP level 3. HP: 22/22 MP: 1/7
   593 | D:2      | Reached XP level 4. HP: 27/27 MP: 1/9
   593 | D:2      | Reached XP level 5. HP: 32/32 MP: 1/10
   790 | D:2      | Noticed Terence
   797 | D:2      | Killed Terence
  1001 | D:2      | Reached XP level 6. HP: 37/37 MP: 7/11
  1167 | D:2      | Noticed Natasha
  1172 | D:2      | Killed Natasha
  1627 | D:3      | Noticed Robin
  1724 | D:3      | Killed Robin
  2447 | D:3      | Found a runed translucent door.
  2448 | D:3      | Noticed Crazy Yiuf
  2453 | D:3      | Killed Crazy Yiuf
  2454 | D:3      | Reached skill level 6 in Earth Magic
  2574 | D:4      | HP: 1/38 [gnoll/+0 halberd (8)]
  2575 | D:4      | Reached XP level 7. HP: 1/43 MP: 13/13
  2577 | D:4      | Slain by a gnoll

Illustrated notes

Levels and vault maps discovered:
D:1:      zelgadis_glass_arrival_small, layout_basic, serial_shops, shop,
          minmay_tromino_v4_b
D:2:      wad_pebble_path, layout_loops_ring, uniq_terence, uniq_sigmund,
          uniq_natasha
D:3:      layout_loops_ring, uniq_robin, uniq_crazy_yiuf_cottage
D:4:      layout_loops_cross, mainiacjoe_overflow_alcove_1

Skill      XL: |  1  2  3  4  5  6 |
---------------+-------------------+-----
Fighting       | 2 3 4 |  4.1
Spellcasting   | 3 4 |  4.2
Earth Magic    | 5 6 |  6.1
Dodging        | |  1.6
Stealth        | |  2.3
Transmutations | |  0.9

Action                     |  1- 3 |  4- 6 |  7- 9 || total
---------------------------+-------+-------+-------++-------
  Melee: Mace              |     6 |     2 |       ||     8
         Quarterstaff      |       |     6 |     1 ||     7
   Cast: Sandblast         |    20 |    81 |       ||   101
    Use: Potion            |     1 |       |     1 ||     2
 Armour: Robe              |     9 |    13 |     2 ||    24
  Dodge: Dodged            |    13 |    34 |     5 ||    52

Table legend: (Time is in decaauts)
 A = Elapsed time spent in this place.
 B = Non-inter-level travel time spent in this place.
 C = Inter-level travel time spent in this place.
 D = Time resting spent in this place.
 E = Time spent auto-exploring this place.
 F = Levels seen in this place.
 G = Mean time per level.
                   A        B        C        D        E       F      G
               +--------+--------+--------+--------+--------+-----+--------+
         Total |   2631 |   2555 |     76 |     74 |   2117 |   4 |  657.8 |
       Dungeon |   2631 |   2555 |     76 |     74 |   2117 |   4 |  657.8 |
               +--------+--------+--------+--------+--------+-----+--------+

Top non-repeatable levels by time:
     D:2: 1131 daAuts
     D:3: 895 daAuts
     D:1: 533 daAuts
     D:4: 71 daAuts
